[Event "Team 45 45 League 2006 Invitational"]
[Site "Internet Chess Club"]
[Date "2006.11.21"]
[Round "4"]
[White "f5"]
[Black "izit"]
[Result "0-1"]
[WhiteElo "2299"]
[BlackElo "2222"]
[TimeControl "2700+45"]

1. e4 c5 2. Nc3 d6 3. g3 Nc6 4. Bg2 g6 5. d3 Bg7 6. Be3 Nf6 7. h3 Rb8 8. f4 O-O 9. Qd2 Nd4 10. Nd1 e5 11. c3 Nc6 12. Nf3 Qe7 13. O-O Rd8 14. Qf2 c4 15. Bxa7 Nxa7 16. Qxa7 Qc7 17. Qe3 cxd3 18. Nf2 Nh5 19. Ne1 d5 20. Nexd3 d4 21. cxd4 exf4 22. gxf4 Bxd4 23. Qf3 Ra8 24. a3 b6 25. Rac1 Qb8 26. e5 Ra7 27. Kh2 Bb7 28. Ne4 f5 29. exf6 Nxf6 30. Nxf6+ Bxf6 31. Qe2 Bxg2 32. Kxg2 Qa8+ 33. Rf3 Rad7 34. Qe6+ Kg7 35. Ne5 Re7 36. Qxb6 Rd2+ 37. Kg3 Rxe5 38. Rc6 Rf5 39. Rc7+ Kh6 40. Rb7 Qd8 41. Qxd8 Bxd8 42. a4 Rc5 43. b4 Rc4 44. a5 Ra2 45. h4 Bc7 46. Kg4 Ra4 47. b5 Bxa5 48. h5 gxh5+ 49. Kf5 Bc7 50. b6 Rxf4+ 51. Rxf4 Bxf4 52. Re7 Bg3 53. Re6+ Kg7 54. Re7+ Kg8 55. b7 Rb4 56. Rd7 h4 57. Kg5 h3 58. Rd8+ Kf7 59. Rd7+ Ke6 60. Rxh7 h2 61. Rh6+ Kd7 62. Rh7+ Kc6 {White resigns} 0-1

[Event "Team 45 45 League 2006 Invitational"]
[Site "Internet Chess Club"]
[Date "2006.11.22"]
[Round "4"]
[White "chiiwen"]
[Black "QuaqQuao"]
[Result "1-0"]
[WhiteElo "1756"]
[BlackElo "1698"]
[TimeControl "2700+45"]

1. e4 d5 2. exd5 Nf6 3. d4 Nxd5 4. Nf3 Bf5 5. c4 Nb4 6. Na3 e6 7. Be2 Be7 8. O-O Nd7 9. Bf4 O-O 10. Nb5 c6 11. Nc3 Nf6 12. a3 Na6 13. h3 Nd7 14. Ne5 f6 15. Nxd7 Qxd7 16. Bf3 Rad8 17. d5 cxd5 18. cxd5 e5 19. Be3 Nc5 20. b4 Nd3 21. Be2 Nf4 22. Bxf4 exf4 23. Bf3 Bd6 24. Rc1 Rfe8 25. Ne2 Rc8 26. Rxc8 Rxc8 27. Nd4 a6 28. Nxf5 Qxf5 29. Bg4 Qc2 30. Bxc8 Qxc8 31. Qe2 Kf7 32. Re1 Qd7 33. Qe6+ Qxe6 34. Rxe6 Be7 35. Rb6 Ke8 36. Rxb7 a5 37. bxa5 Bxa3 38. a6 {Black resigns} 1-0

[Event "Team 45 45 League 2006 Invitational"]
[Site "Internet Chess Club"]
[Date "2006.11.23"]
[Round "4"]
[White "Archaeologist"]
[Black "Mutaant"]
[Result "1-0"]
[WhiteElo "1643"]
[BlackElo "1489"]
[TimeControl "2700+45"]

1. e4 e5 2. Nf3 Nc6 3. d4 exd4 4. Nxd4 Nxd4 5. Qxd4 Nf6 6. e5 Qe7 7. Be2 Ng8 8. O-O Qb4 9. c3 Qxd4 10. cxd4 Bb4 11. a3 Ba5 12. b4 Bb6 13. Be3 Ne7 14. Bd3 Nd5 15. Rc1 c6 16. Nc3 Nxe3 17. fxe3 O-O 18. Na4 Bd8 19. Nc5 Bg5 20. Re1 Re8 21. Ne4 Bh6 22. g4 g6 23. Nf6+ Kf8 24. Nxe8 Kxe8 25. h4 Ke7 26. g5 Bg7 27. Rf1 b6 28. Rf3 Bb7 29. Raf1 Rf8 30. Bc4 b5 31. Rxf7+ Rxf7 32. Rxf7+ {Black resigns} 1-0

[Event "Team 45 45 League 2006 Invitational"]
[Site "Internet Chess Club"]
[Date "2006.11.24"]
[Round "4"]
[White "Theodulf"]
[Black "Kingofknights"]
[Result "1-0"]
[WhiteElo "1756"]
[BlackElo "1682"]
[TimeControl "2700+45"]

1. e4 c6 2. d4 d5 3. exd5 cxd5 4. Bd3 Nf6 5. c3 a6 6. Bf4 Bg4 7. Qb3 Qd7 8. Nd2 Nc6 9. Ngf3 e6 10. O-O Be7 11. Rae1 b5 12. h3 Bh5 13. Ne5 Nxe5 14. dxe5 Ng8 15. Kh2 Bg6 16. Qc2 Bc5 17. Bg5 Ne7 18. f4 Bxd3 19. Qxd3 h6 20. Bxe7 Qxe7 21. b4 Bb6 22. f5 Rc8 23. f6 gxf6 24. exf6 Qc7+ 25. Kh1 Qxc3 26. Qxd5 Qc6 27. Qh5 Rg8 28. Nf3 Rg6 29. Nh4 Rg8 30. Qxh6 Qd5 31. Rd1 Qxa2 32. Qh7 Rf8 33. Qd3 Rd8 34. Qe4 Qc4 35. Qb7 Rxd1 36. Qe7# {Black checkmated} 1-0

[Event "Team 45 45 League 2006 Invitational"]
[Site "Internet Chess Club"]
[Date "2006.11.24"]
[Round "4"]
[White "jacknor"]
[Black "Sean"]
[Result "1-0"]
[WhiteElo "1577"]
[BlackElo "1560"]
[TimeControl "2700+45"]

1. d4 Nf6 2. Nf3 g6 3. Bf4 d6 4. h3 Bg7 5. e3 O-O 6. Nbd2 Qe8 7. Bh2 Nbd7 8. c3 e5 9. dxe5 Nxe5 10. Be2 Nxf3+ 11. Nxf3 b6 12. O-O Bb7 13. Rc1 a5 14. a4 Ne4 15. Nd4 Nc5 16. Nb5 Qd7 17. Bg4 Ne6 18. Bf3 Bxf3 19. Qxf3 Nc5 20. Qd1 Rfe8 21. Qc2 c6 22. Nxd6 Be5 23. Nxe8 Rxe8 24. Bxe5 Rxe5 25. Rcd1 Qe7 26. Rd4 Ne6 27. Rd2 Qh4 28. b3 Qe7 29. Rfd1 Nc5 30. Rd6 Re6 31. Rxe6 Qxe6 32. b4 axb4 33. cxb4 Na6 34. b5 cxb5 35. axb5 Nc5 36. Qd2 Qb3 37. Qe2 Ne4 38. Qd3 Qa4 39. Qd8+ Kg7 40. Qd4+ Qxd4 41. Rxd4 Nc3 42. Rd6 Nxb5 43. Rxb6 Nc3 44. g4 h6 45. Kg2 Ne4 46. f4 Nd2 47. Kf2 Ne4+ 48. Kf3 Nd2+ 49. Ke2 Ne4 50. Rb4 Nc3+ 51. Kd3 Nd1 52. Ke2 Nc3+ 53. Kd2 Nd5 54. Rc4 Nb6 55. Rc6 Nd5 56. Rd6 Nb4 57. e4 Kf8 58. h4 Ke7 59. e5 Ke8 60. f5 gxf5 61. gxf5 h5 62. Ke3 Kf8 63. Kf4 Kg7 64. Kg5 Nc2 65. Kxh5 Ne3 66. f6+ Kh7 67. Rd7 Kg8 68. Kg5 Nc4 69. Kh6 Nxe5 70. Rd8# {Black checkmated} 1-0

[Event "Team 45 45 League 2006 Invitational"]
[Site "Internet Chess Club"]
[Date "2006.11.24"]
[Round "4"]
[White "qs16"]
[Black "jazzpiano"]
[Result "1-0"]
[WhiteElo "1789"]
[BlackElo "1666"]
[TimeControl "2700+45"]

1. e4 d5 2. exd5 Nf6 3. Nf3 Nxd5 4. Bc4 Nb6 5. Bxf7+ Kxf7 6. Ne5+ Kg8 7. Nc3 Nc6 8. Qh5 Nxe5 9. Qxe5 Qd6 10. Qe2 e5 11. Ne4 Qe7 12. O-O Bf5 13. d3 Bxe4 14. dxe4 Rd8 15. Be3 Qf7 16. f4 Be7 17. Rf3 h6 18. Raf1 Rf8 19. Qb5 exf4 20. Bxf4 Qe8 21. Qb3+ Kh7 22. e5 Rhg8 23. Qd3+ Qg6 24. Qb3 Rd8 25. e6 c6 26. Be5 Rd2 27. Rg3 Qxc2 28. Qf3 Rf8 29. Rxg7+ Kh8 30. Qxf8+ {Black resigns} 1-0

[Event "Team 45 45 League 2006 Invitational"]
[Site "Internet Chess Club"]
[Date "2006.11.24"]
[Round "4"]
[White "wekabird"]
[Black "t-hobbes"]
[Result "0-1"]
[WhiteElo "1207"]
[BlackElo "1262"]
[TimeControl "2700+45"]

1. d4 d5 2. e3 Nf6 3. Bd3 Nc6 4. c3 e5 5. dxe5 Nxe5 6. Bc2 Bc5 7. b4 Bb6 8. a4 a5 9. Nd2 Bg4 10. Ndf3 O-O 11. Qd2 Nc4 12. Qd3 axb4 13. cxb4 Qd6 14. Ng5 g6 15. Bb3 Qxb4+ 16. Bd2 Nxd2 17. Qxd2 Qxb3 18. Ne2 Ba5 19. Rd1 Bxd2+ 20. Rxd2 Rxa4 21. f3 Ra1+ 22. Kf2 Rxh1 23. fxg4 Ne4+ 24. Nxe4 dxe4 25. Ng3 Rd1 26. Re2 f5 27. Nf1 fxg4+ {White resigns} 0-1

[Event "Team 45 45 League 2006 Invitational"]
[Site "Internet Chess Club"]
[Date "2006.11.24"]
[Round "4"]
[White "Tomate"]
[Black "guyd52"]
[Result "1/2-1/2"]
[WhiteElo "1423"]
[BlackElo "1313"]
[TimeControl "2700+45"]

1. e4 b6 2. d4 Bb7 3. Nc3 e6 4. Nf3 Bb4 5. Bd3 Nf6 6. Bg5 h6 7. Bxf6 Bxc3+ 8. bxc3 Qxf6 9. O-O d6 10. c4 Nd7 11. d5 Ba6 12. Qd2 Nc5 13. Rfe1 e5 14. a4 O-O 15. a5 Rfb8 16. axb6 axb6 17. h3 Bc8 18. Nh2 Qg6 19. Kh1 Bd7 20. f4 f6 21. f5 Qe8 22. Rac1 Ra2 23. Qe3 Rba8 24. Qg3 Kh7 25. Qf3 R8a3 26. Ng4 Ba4 27. Qf1 Rc3 28. Ne3 Qh5 29. Ra1 Rxa1 30. Rxa1 Qg5 31. Nd1 Bxc2 32. Nxc3 Bxd3 33. Qe1 Bxc4 34. Ra7 Na6 35. Qb1 Qe3 36. Nb5 Bxb5 37. Qxb5 Qc1+ 38. Kh2 Qf4+ 39. Kg1 Qe3+ 40. Kh1 Qc1+ 41. Kh2 Qf4+ 42. Kg1 Qe3+ 43. Kh1 {Game drawn by repetition} 1/2-1/2

[Event "Team 45 45 League 2006 Invitational"]
[Site "Internet Chess Club"]
[Date "2006.11.25"]
[Round "4"]
[White "dougmo"]
[Black "alaskauk"]
[Result "1/2-1/2"]
[WhiteElo "1531"]
[BlackElo "1542"]
[TimeControl "2700+45"]

1. e4 e6 2. d4 d5 3. Nc3 dxe4 4. Nxe4 Nf6 5. Nxf6+ Qxf6 6. Nf3 h6 7. Bd3 Nc6 8. O-O Bd7 9. c3 Bd6 10. Re1 g5 11. d5 Ne5 12. Nxe5 Bxe5 13. Qb3 b6 14. dxe6 fxe6 15. Be3 O-O 16. Rad1 Bc6 17. Bc4 Rae8 18. Rd2 Bxg2 19. Kxg2 Qf3+ 20. Kf1 Qh3+ 21. Ke2 Qf3+ 22. Kd3 Qe4+ 23. Ke2 Qf3+ 24. Kf1 Qh3+ 25. Ke2 Qf3+ 26. Kd3 Qf5+ 27. Ke2 Qf3+ {Game drawn by repetition} 1/2-1/2

[Event "Team 45 45 League 2006 Invitational"]
[Site "Internet Chess Club"]
[Date "2006.11.25"]
[Round "4"]
[White "WzeroMN"]
[Black "jocooper"]
[Result "1-0"]
[WhiteElo "1210"]
[BlackElo "1096"]
[TimeControl "2700+45"]

1. e4 d6 2. d4 Nf6 3. Nc3 g6 4. Nf3 Bg7 5. e5 dxe5 6. dxe5 Nfd7 7. Bf4 e6 8. Bc4 O-O 9. O-O a6 10. b4 b5 11. Bb3 Nc6 12. a3 Qe7 13. Re1 f6 14. exf6 Nxf6 15. Rb1 Bb7 16. Bxe6+ Kh8 17. Bc8 Ne4 18. Bxb7 Rad8 19. Qc1 Qe6 20. Nxe4 Nd4 21. Nc5 Qb6 22. Nxd4 Rf6 23. Nde6 Rd7 24. Nxd7 {Black resigns} 1-0

[Event "Team 45 45 League 2006 Invitational"]
[Site "Internet Chess Club"]
[Date "2006.11.25"]
[Round "4"]
[White "Fegary"]
[Black "Cantemir"]
[Result "1-0"]
[WhiteElo "1689"]
[BlackElo "1514"]
[TimeControl "2700+45"]

1. e4 e6 2. d4 c5 3. Nf3 d5 4. exd5 cxd4 5. dxe6 Bxe6 6. Bb5+ Nc6 7. Nxd4 Rc8 8. O-O Bd5 9. Re1+ Be7 10. Nc3 Nf6 11. Nf5 Rc7 12. Nxg7+ Kf8 13. Bh6 Kg8 14. Nf5 Rd7 15. Re3 Ne5 16. Rxe5 Bc6 17. Nxe7+ Qxe7 18. Rg5# {Black checkmated} 1-0

[Event "Team 45 45 League 2006 Invitational"]
[Site "Internet Chess Club"]
[Date "2006.11.25"]
[Round "4"]
[White "Changuito-77"]
[Black "Warpdrive"]
[Result "1-0"]
[WhiteElo "1739"]
[BlackElo "1574"]
[TimeControl "2700+45"]

1. d4 Nf6 2. Nf3 g6 3. e3 Bg7 4. b3 d5 5. Bb2 O-O 6. Bd3 a6 7. Nbd2 b5 8. a3 Nbd7 9. O-O Bb7 10. Rc1 c5 11. c4 bxc4 12. bxc4 cxd4 13. exd4 dxc4 14. Bxc4 Nd5 15. Qb3 N7b6 16. Rc2 Nxc4 17. Nxc4 Rb8 18. Nfe5 Bc6 19. Qg3 Bb5 20. Re1 Bxc4 21. Nxc4 Rc8 22. Ne3 Rxc2 23. Nxc2 Qb8 24. Bc1 Qxg3 25. hxg3 Rd8 26. Bg5 h6 27. Bxe7 Nxe7 28. Rxe7 Bxd4 29. Nxd4 Rxd4 30. Kf1 Rd3 31. Re3 Rxe3 32. fxe3 Kf8 33. g4 Ke7 34. Ke2 Kd6 35. Kd2 Kc5 36. Kc3 Kb5 37. Kb3 f6 38. e4 a5 39. a4+ Kc5 40. Kc3 g5 41. g3 Kd6 42. Kd4 Kc6 43. Kc4 Kb6 44. Kd5 Kb7 45. Ke6 Kc7 46. Kxf6 Kd7 47. e5 Ke8 48. Ke6 {Black resigns} 1-0

[Event "Team 45 45 League 2006 Invitational"]
[Site "Internet Chess Club"]
[Date "2006.11.26"]
[Round "4"]
[White "Fineas-Fogg"]
[Black "Aziraphale"]
[Result "1/2-1/2"]
[WhiteElo "1423"]
[BlackElo "1488"]
[TimeControl "2700+45"]

1. e4 e6 2. d3 d5 3. Nd2 Nc6 4. Ngf3 Bd6 5. g3 Nf6 6. Bg2 dxe4 7. dxe4 Ne5 8. Qe2 O-O 9. O-O b6 10. Re1 Bb7 11. Nxe5 Bxe5 12. Nc4 Qd4 13. c3 Qc5 14. Be3 Qb5 15. a4 Qa6 16. Nxe5 Qxe2 17. Rxe2 Bxe4 18. Bd4 Bxg2 19. Kxg2 Rfd8 20. Rae1 c5 21. Nc6 Rd7 22. Bxf6 gxf6 23. a5 Rc8 24. Nxa7 Rxa7 25. axb6 Rb7 26. Rd1 Rxb6 27. Rd7 Kg7 28. f4 Rcc6 29. Kf3 Rd6 30. Rxd6 Rxd6 31. Ke3 Kg6 32. h4 Kf5 33. Rg2 h5 34. Rg1 Kg4 35. Rg2 c4 36. Ke4 Rd5 37. Ke3 Rd3+ 38. Ke4 Rxg3 39. Rxg3+ Kxg3 40. Kd4 Kxh4 41. Kxc4 Kg4 42. b4 h4 43. b5 h3 44. b6 h2 45. b7 h1=Q 46. b8=Q Qf1+ 47. Kc5 Qf2+ 48. Kc6 Qxf4 49. Qg8+ Kf5 50. Qxf7 Qa4+ 51. Kc5 Qa3+ 52. Kd4 Qd6+ 53. Kc4 Qd5+ 54. Kb4 Qd6+ 55. Kb3 Qb6+ 56. Kc2 Qf2+ 57. Kb3 Qb6+ 58. Kc2 {Game drawn by mutual agreement} 1/2-1/2

[Event "Team 45 45 League 2006 Invitational"]
[Site "Internet Chess Club"]
[Date "2006.11.26"]
[Round "4"]
[White "Qualm"]
[Black "Budzo"]
[Result "0-1"]
[WhiteElo "1805"]
[BlackElo "1781"]
[TimeControl "2700+45"]

1. e4 e6 2. d4 d5 3. Nc3 Bb4 4. e5 c5 5. a3 Bxc3+ 6. bxc3 Ne7 7. Qg4 O-O 8. Nf3 Nbc6 9. Bd3 f5 10. exf6 Rxf6 11. Bg5 e5 12. Bxh7+ Kxh7 13. Qh5+ Kg8 14. Bxf6 gxf6 15. dxe5 Qf8 16. exf6 Qxf6 17. Qg5+ Qg7 18. O-O-O Bg4 19. Qe3 b6 20. h3 Bxf3 21. gxf3 Kh7 22. Rxd5 Nxd5 23. Qe4+ Qg6 24. Qxd5 Re8 25. f4 Rf8 26. Re1 Rxf4 27. Re6 Rf6 28. Re4 Rf5 29. Qd7+ Rf7 30. Rh4+ Kg7 31. Qe8 Qg5+ 32. f4 Qxh4 33. Qxc6 Qf6 {White resigns} 0-1

[Event "Team 45 45 League 2006 Invitational"]
[Site "Internet Chess Club"]
[Date "2006.11.26"]
[Round "4"]
[White "WilmaP"]
[Black "Riddari"]
[Result "0-1"]
[WhiteElo "1238"]
[BlackElo "1193"]
[TimeControl "2700+45"]

1. e4 c5 2. Nf3 d6 3. d4 cxd4 4. Nxd4 Nf6 5. Nc3 a6 6. Bc4 Qc7 7. b3 b5 8. Nd5 Nxd5 9. Bxd5 Ra7 10. O-O Qc3 11. Rb1 e6 12. Bb2 Qc7 13. Re1 exd5 14. exd5+ Be7 15. Qd3 O-O 16. c4 bxc4 17. bxc4 Qa5 18. a3 Bf6 19. Nb3 Qd8 20. Nd4 Re7 21. g3 Rfe8 22. Bc3 Bxd4 23. Qxd4 Rxe1+ 24. Rxe1 Rxe1+ 25. Bxe1 Nd7 26. Bc3 Ne5 27. Qf4 Qc7 28. c5 Qxc5 29. Bxe5 dxe5 30. Qxe5 Qc1+ 31. Kg2 Qxa3 32. d6 Qa4 33. h4 Qd7 34. Kf3 Qg4+ 35. Ke3 Qe6 36. Qxe6 Bxe6 37. Ke4 Kf8 38. Ke5 Ke8 39. f4 a5 40. f5 Bd7 41. Kd4 Bxf5 42. Kc3 a4 43. Kb2 Kd7 44. Ka3 Bc2 45. g4 Kxd6 46. g5 Ke5 47. Kb2 Bd1 48. Ka3 Kf5 49. Kb2 Kg4 50. Kc1 Bb3 51. Kb2 Be6 52. Ka3 Bd7 53. h5 Kxg5 54. Ka2 f5 55. Ka3 f4 56. Kb2 f3 57. Ka3 f2 58. Kb4 f1=Q 59. Ka3 Qb5 60. h6 Kxh6 61. Ka2 Be6+ 62. Ka3 Qb3# {White checkmated} 0-1

[Event "Team 45 45 League 200t Invitational"]
[Site "Internet Chess Club"]
[Date "2006.11.26"]
[Round "4"]
[White "Rubacchus"]
[Black "Cataclysm"]
[Result "1-0"]
[WhiteElo "1371"]
[BlackElo "1233"]
[TimeControl "2700+45"]

1. e4 e6 2. d4 d5 3. e5 c5 4. Nf3 cxd4 5. Nxd4 Bc5 6. Be3 Qc7 7. Bb5+ Bd7 8. Bxd7+ Nxd7 9. f4 Ne7 10. O-O Bxd4 11. Bxd4 Nf5 12. c3 O-O 13. Nd2 Rfc8 14. Rc1 b5 15. Rf3 b4 16. Nb3 Nxd4 17. cxd4 Qb6 18. Qd3 Rxc1 + 19. Nxc1 Rc8 20. Ne2 Nf8 21. f5 Qa5 22. fxe6 Nxe6 23. Qf5 Rf8 24. h4 Qxa2 25. h5 h6 26. Nf4 Nxf4 27. Rxf4 Qxb2 28. e6 f6 29. Qxd5 Qc1+ 30. Rf1 Qe3+ 31. Kh1 b3 32. e7+ Rf7 33. Qd8+ Kh7 34. e8=Q Qxe8 35. Qxe8 Rb7 36. Qe4+ {Black resigns} 1-0

[Event "Team 45 45 League 2006 Invitational"]
[Site "Internet Chess Club"]
[Date "2006.11.26"]
[Round "4"]
[White "azbycx"]
[Black "A-Ru"]
[Result "1/2-1/2"]
[WhiteElo "1955"]
[BlackElo "1890"]
[TimeControl "2700+45"]

1. d4 e6 2. c4 d5 3. Nf3 c6 4. Qc2 Nf6 5. Bg5 Be7 6. e3 Qa5+ 7. Nbd2 Nbd7 8. Bd3 dxc4 9. Bxc4 b5 10. Bd3 Bb7 11. O-O c5 12. dxc5 Rc8 13. Nb3 Qa4 14. Qe2 a6 15. Rfc1 Nxc5 16. Nxc5 Bxc5 17. b3 Qg4 18. Bf4 O-O 19. h3 Bxf3 20. hxg4 Bxe2 21. Bxe2 Ba3 22. Rc7 Rxc7 23. Bxc7 Rc8 24. Ba5 Kf8 25. Bf3 Nd5 26. Rd1 Rc2 27. Bxd5 exd5 28. Rd2 Rxd2 29. Bxd2 Bb2 30. Bb4+ Ke8 31. Kf1 Kd7 32. Ke2 Kc6 33. Kd3 Be5 34. Bc3 f6 35. f4 Bc7 36. Bd4 Bd8 37. g5 fxg5 38. Bxg7 gxf4 39. exf4 Kd6 40. g4 Bb6 41. f5 Ke7 42. g5 Kf7 43. Be5 Bc5 44. Bd4 Bd6 45. Ke3 Ba3 46. Kf4 Bc1+ 47. Kg4 a5 48. Kh5 a4 49. Kh6 a3 50. Bf6 Bb2 51. Bd8 Kg8 52. Kh5 d4 53. Kg4 d3 54. Kf3 Bc1 55. Kf2 Bf4 56. Ke1 Kf7 57. Kd1 Be3 58. g6+ hxg6 59. fxg6+ Kxg6 60. Be7 Kf5 61. Bxa3 Ke4 62. Bb4 Kd5 63. a4 bxa4 64. bxa4 Kc4 65. Bd2 Bxd2 66. Kxd2 Kb4 67. Kxd3 Kxa4 {Game drawn because neither player has mating material} 1/2-1/2

[Event "Team 45 45 League 2006 Invitational"]
[Site "Internet Chess Club"]
[Date "2006.11.26"]
[Round "4"]
[White "kamu"]
[Black "Avedldesierto"]
[Result "1-0"]
[WhiteElo "1712"]
[BlackElo "1715"]
[TimeControl "2700+45"]

1. d4 Nf6 2. c4 e5 3. dxe5 Ng4 4. Bf4 Nc6 5. Nf3 Qe7 6. e3 Ngxe5 7. Nxe5 Nxe5 8. Nc3 c6 9. Qd4 Ng6 10. Bg3 Qc5 11. Qxc5 Bxc5 12. O-O-O b6 13. Ne4 Be7 14. Nd6+ Bxd6 15. Bxd6 Bb7 16. Bd3 c5 17. f3 Nh4 18. Rhg1 O-O-O 19. Be7 Ng6 20. Bxd8 Kxd8 21. Bf5 Bc6 22. Rd6 Kc7 23. Rgd1 Rd8 24. Bxg6 hxg6 25. e4 Rh8 26. h3 a5 27. Kc2 Ba4+ 28. b3 Bc6 29. Kc3 Rh5 30. a3 Rg5 31. R1d2 Rxg2 32. Rxc6+ {Black resigns} 1-0

[Event "Team 45 45 League 2006 Invitational"]
[Site "Internet Chess Club"]
[Date "2006.11.26"]
[Round "4"]
[White "parrot9"]
[Black "upturnedcircle"]
[Result "0-1"]
[WhiteElo "1713"]
[BlackElo "2002"]
[TimeControl "2700+45"]

1. e4 e6 2. d4 d5 3. exd5 exd5 4. c4 Nf6 5. Nc3 Be7 6. Nf3 O-O 7. h3 c6 8. Be2 dxc4 9. Bxc4 Nbd7 10. O-O Nb6 11. Bb3 Bf5 12. Re1 Qd7 13. Bf4 Rad8 14. Qe2 Bb4 15. Rad1 Nbd5 16. Nxd5 Nxd5 17. Bd2 Bxd2 18. Qxd2 Qd6 19. Re5 Be6 20. Bc2 Nf6 21. Ng5 Bd5 22. Qf4 h6 23. Ne4 Bxe4 24. Bxe4 Nxe4 25. Qxe4 Rd7 26. d5 Rfd8 27. Re8+ Rxe8 28. Qxe8+ Kh7 29. Qe4+ g6 30. Kf1 cxd5 31. Qd4 Qa6+ 32. Rd3 Qxa2 33. Ra3 Qb1+ 34. Ke2 Qc2+ 35. Kf3 Qf5+ 36. Ke2 a6 37. Rf3 Qe4+ 38. Qxe4 dxe4 39. Rf6 Kg7 40. Rb6 Kf8 41. Ke3 Re7 42. g4 Ke8 43. h4 Kd8 44. Kf4 Kc7 45. Rb4 Kd6 46. Rxe4 Rxe4+ 47. Kxe4 a5 48. Kd4 b5 49. f4 h5 50. gxh5 gxh5 51. b3 f5 52. Kc3 Kd5 53. Kd3 a4 54. b4 a3 55. Kc3 a2 56. Kb2 Kc4 57. Kxa2 Kxb4 58. Kb2 Kc4 59. Kc2 Kd4 {White resigns} 0-1

[Event "Team 45 45 League 2006 Invitational"]
[Site "Internet Chess Club"]
[Date "2006.11.26"]
[Round "4"]
[White "GrandPoobah069"]
[Black "BrerRabbit"]
[Result "1-0"]
[WhiteElo "1674"]
[BlackElo "1547"]
[TimeControl "2700+45"]

1. e4 c5 2. c3 Nf6 3. e5 Nd5 4. d4 cxd4 5. Nf3 e6 6. Bc4 d6 7. exd6 Qxd6 8. cxd4 Nc6 9. O-O a6 10. Re1 Be7 11. Nc3 O-O 12. a3 b5 13. Ne4 Qc7 14. Bd3 Na5 15. b3 Rd8 16. Bd2 Bd7 17. Nc5 Be8 18. Rc1 Qb6 19. Bxa5 Qxa5 20. Nb7 Qxa3 21. Ra1 Qb4 22. Nxd8 Rxd8 23. Rxa6 Rc8 24. Ra1 Rc3 25. Be4 Rxb3 26. Bxd5 exd5 27. Rxe7 Qxe7 28. Qxb3 f6 29. Qxd5+ Kf8 30. Re1 Qb4 31. Qc5+ {Black resigns} 1-0

[Event "Team 45 45 League 2006 Invitational"]
[Site "Internet Chess Club"]
[Date "2006.11.26"]
[Round "4"]
[White "JimGaming"]
[Black "Just-Jim"]
[Result "1-0"]
[WhiteElo "1320"]
[BlackElo "1457"]
[TimeControl "2700+45"]

1. e4 e5 2. Nf3 Nc6 3. Bb5 Nge7 4. O-O g6 5. Re1 Bg7 6. c3 O-O 7. d3 d6 8. Bg5 f6 9. Be3 a6 10. Ba4 b5 11. Bc2 g5 12. b4 Ng6 13. h3 Nf4 14. Kh2 g4 15. Nh4 gxh3 16. g3 Ng2 17. Nxg2 hxg2 18. Kxg2 Qd7 19. Rh1 Qg4 20. f3 Qg6 21. Nd2 h5 22. Rh4 Kf7 23. Qe2 f5 24. exf5 Bxf5 25. Ne4 Bxe4 26. dxe4 Bf6 27. Rh3 Nd8 28. a4 Ne6 29. a5 Rg8 30. Bb3 Ke7 31. Bxe6 Kxe6 32. Rah1 Bh4 33. Bf2 Bg5 34. Rxh5 Bf4 35. g4 Rad8 36. Rh7 Rg7 37. R7h5 d5 38. Be3 Qf7 39. Bxf4 Qxf4 40. Rf5 d4 41. Rxf4 dxc3 42. Qa2+ Ke7 43. Rf5 Rd2+ 44. Kg3 Rxa2 45. Rxe5+ Kd6 46. Rd5+ Ke7 47. Rc5 c2 48. Rxc7+ Kf6 49. Rxg7 Kxg7 50. Rc1 Rb2 51. Kf4 Rxb4 52. Rxc2 Ra4 53. Rc7+ Kf8 54. g5 Rxa5 55. Kf5 b4+ 56. e5 b3 57. Kf6 Rb5 58. Rc8# {Black checkmated} 1-0

[Event "Team 45 45 League 2006 Invitational"]
[Site "Internet Chess Club"]
[Date "2006.11.26"]
[Round "4"]
[White "crankn8tr"]
[Black "pokerram"]
[Result "0-1"]
[WhiteElo "1610"]
[BlackElo "1713"]
[TimeControl "2700+45"]

1. e4 c5 2. Nf3 d6 3. d4 cxd4 4. Nxd4 Nf6 5. Nc3 a6 6. Be3 e5 7. Nb3 Be6 8. f3 Be7 9. Qd2 Qc7 10. O-O-O O-O 11. g4 b5 12. g5 b4 13. gxf6 bxc3 14. Qg2 cxb2+ 15. Kxb2 Bxf6 16. Bg5 Bxg5 17. Qxg5 Rc8 18. Bd3 Nc6 19. Rhg1 g6 20. Rg2 Nb4 21. h4 Qc3+ 22. Ka3 Bxb3 23. axb3 Rc5 24. Ka4 Nxc2 25. Qd2 Ra5# {White checkmated} 0-1

[Event "Team 45 45 League 2006 Invitational"]
[Site "Internet Chess Club"]
[Date "2006.11.26"]
[Round "4"]
[White "Prop"]
[Black "katabatico"]
[Result "1-0"]
[WhiteElo "1184"]
[BlackElo "1303"]
[TimeControl "2700+45"]

1. e4 e5 2. Nf3 Nc6 3. Bc4 Nf6 4. d3 d5 5. exd5 Nxd5 6. Nc3 Nxc3 7. bxc3 Bc5 8. O-O O-O 9. Qe2 Bg4 10. Qe4 Bxf3 11. Qxf3 Bd6 12. Be3 Na5 13. Bd5 c6 14. Be4 c5 15. Bxb7 Nxb7 16. Qxb7 Rb8 17. Qxa7 e4 18. Bxc5 Bxc5 19. Qxc5 exd3 20. cxd3 Qxd3 21. Rad1 Qa6 22. Rd2 Rfc8 23. Qe3 Qg6 24. Rfd1 Rb1 25. Qe1 Rxd1 26. Rxd1 Kf8 27. c4 Re8 28. Qd2 Rb8 29. g3 Qf6 30. a4 g6 31. c5 Kg7 32. Qd4 Qxd4 33. Rxd4 Rb1+ 34. Kg2 Kf8 35. c6 Rb8 36. c7 Rc8 37. Rd8+ {Black resigns} 1-0

[Event "Team 45 45 League 2006 Invitational"]
[Site "Internet Chess Club"]
[Date "2006.11.26"]
[Round "4"]
[White "kingfischer57"]
[Black "mickeys"]
[Result "1/2-1/2"]
[WhiteElo "1778"]
[BlackElo "1691"]
[TimeControl "2700+45"]

1. d4 Nf6 2. c4 e6 3. Nc3 d5 4. Bg5 Be7 5. e3 h6 6. Bf4 Bd6 7. Bxd6 Qxd6 8. Nf3 O-O 9. Bd3 Nc6 10. O-O a6 11. a3 Na5 12. c5 Qd8 13. b4 Nc6 14. Re1 Bd7 15. e4 dxe4 16. Nxe4 Nd5 17. Qc2 Nf4 18. Bc4 Ne7 19. Qd2 Nfd5 20. Ne5 Qe8 21. Be2 Qd8 22. Bh5 Be8 23. h3 Nc6 24. Nxc6 Bxc6 25. Rad1 Nf6 26. Nxf6+ Qxf6 27. Qe3 Bd5 28. Qe5 Qxe5 29. dxe5 Rad8 30. Rd2 Bc6 31. Rxd8 Rxd8 32. Rd1 Rxd1+ 33. Bxd1 Kf8 34. f4 f6 35. exf6 gxf6 36. Kf2 Kg7 37. Bg4 e5 38. g3 Kg6 39. fxe5 fxe5 40. h4 Kf6 41. Ke3 b6 42. cxb6 cxb6 43. Bc8 a5 44. bxa5 bxa5 45. Bg4 Ke7 46. Bf3 Bb5 47. Ke4 Bc6+ 48. Ke3 Bb5 49. Bb7 Kf6 50. Ke4 Bf1 51. Ke3 Bb5 {Game drawn by mutual agreement} 1/2-1/2

[Event "Team 45 45 League 2006 Invitational"]
[Site "Internet Chess Club"]
[Date "2006.11.25"]
[Round "4"]
[White "curtintime"]
[Black "grandpa06"]
[Result "0-1"]
[WhiteElo "1341"]
[BlackElo "1447"]
[TimeControl "2700+45"]

1. e4 d5 2. exd5 Nf6 3. Nc3 Nxd5 4. Bc4 e6 5. d3 Bb4 6. Bd2 Nb6 7. Bb3 Nc6 8. Nf3 Qe7 9. a3 Bc5 10. O-O Bd7 11. Bf4 O-O-O 12. Nb5 e5 13. Re1 Bg4 14. h3 Bh5 15. g4 Bg6 16. Kg2 f6 17. a4 Na5 18. Nxa7+ Kb8 19. Nb5 Nxb3 20. cxb3 Bxd3 21. Qc1 Bxb5 22. axb5 Bd6 23. Qc2 Qd7 24. Be3 Qxb5 25. Bxb6 Qxb6 26. Ra2 g6 27. Rea1 Kc8 28. Nh4 Kd7 29. Nxg6 hxg6 30. Qxg6 Qc6+ 31. f3 Ke7 32. g5 Rdf8 33. gxf6+ Rxf6 34. Qg7+ Rf7 35. Qxh8 Qxf3+ 36. Kg1 Bc5+ 37. Kh2 Qe2+ 38. Kg3 Bf2+ 39. Kg2 Qf3+ 40. Kh2 Bg3+ 41. Kg1 Qf2+ 42. Kh1 Qh2# {White checkmated} 0-1

[Event "Team 45 45 League 2006 Invitational"]
[Site "Internet Chess Club"]
[Date "2006.11.26"]
[Round "4"]
[White "Wheels"]
[Black "Rainbird"]
[Result "1-0"]
[WhiteElo "1717"]
[BlackElo "1755"]
[TimeControl "2700+45"]

1. e4 e5 2. Nf3 Nc6 3. Bb5 a6 4. Ba4 Nf6 5. d3 d6 6. c3 g6 7. Nbd2 Bg7 8. Nf1 O-O 9. Ng3 b5 10. Bc2 Bb7 11. O-O Re8 12. Re1 Nb8 13. h3 c5 14. Bg5 h6 15. Be3 Qc7 16. Qd2 Kh7 17. a4 d5 18. exd5 Nxd5 19. axb5 Nxe3 20. Qxe3 axb5 21. Rxa8 Bxa8 22. Rc1 Nd7 23. d4 e4 24. Nd2 f5 25. dxc5 f4 26. Qe2 fxg3 27. fxg3 Qxc5+ 28. Kh1 Nf6 29. Nb3 Qc4 30. Qe3 Nd5 31. Qe1 e3 32. Ra1 e2 33. Nd2 Qc8 34. Nf3 Kh8 35. Bxg6 Re7 36. Nh4 Qc6 37. Bd3 Bb7 38. Ng6+ Kg8 39. Nxe7+ Nxe7 40. Qxe2 Qc7 41. Be4 Bxe4 42. Qxe4 Ng6 {Black resigns} 1-0